 Dungeon Sprint DCSS version 0.19.5 (webtiles) character file.

550 Mesmaeker13 the Fighter (level 7, -6/64 HPs)
             Began as a Demonspawn Gladiator on Apr 4, 2017.
             Was an Initiate of Makhleb.
             Mangled by a sun demon (13 damage)
             ... summoned by a kobold demonologist
             ... while paralysed by a floating eye
             ... in the Dungeon (Sprint I: "Red Sonja").
             The game lasted 00:01:46 (630 turns).

Mesmaeker13 the Fighter (Demonspawn Gladiator)       Turns: 630, Time: 00:01:47

Health: -6/64      AC:  3    Str: 18      XL:     7   Next: 7%
Magic:  7/7        EV:  2    Int:  9      God:    Makhleb [......]
Gold:   405        SH:  0    Dex: 11 (13) Spells: 0 memorised, 6 levels left

rFire  . . .     SeeInvis .     a - +0 flail
rCold  + . .     Gourm    .     b - +0 leather armour
rNeg   . . .     Faith    .     (no shield)
rPois  .         Spirit   .     (helmet restricted)
rElec  .         Reflect  .     (no cloak)
rCorr  .         Harm     .     (no gloves)
MR     .....     NoTele   +     (no boots)
Stlth  +.........               (no amulet)
                                (no ring)
                                (no ring)

@: paralysed
A: antennae 2, cold resistance 1
a: Renounce Religion


You were in the Dungeon.
You worshipped Makhleb.
Makhleb was noncommittal.
You were not hungry.

You visited 1 branch You collected 405 gold pieces.

Inventory:

Hand Weapons
 a - a +0 flail (weapon)
Armour
 b - a +0 leather armour (worn)
Scrolls
 k - a scroll of blinking
Potions
 e - a potion of curing
 g - a potion of heal wounds
 h - a potion of haste
 i - 2 potions of magic
 j - a potion of berserk rage
Comestibles
 f - a bread ration
 l - a slice of pizza
 m - a meat ration


   Skills:
 + Level 9.0 Fighting
 + Level 8.6 Maces & Flails
 - Level 1.7 Throwing
 + Level 8.6 Dodging


You had 6 spell levels left.
You didn't know any spells.

Dungeon Overview and Level Annotations

Branches:
Dungeon (1/1)

Altars:
Cheibriados
Dithmenos
Elyvilon
Fedhas
Gozag
Hepliaklqana
Kikubaaqudgha
Makhleb
Nemelex Xobeh
Okawaru
Qazlal
Ru
Sif Muna
Trog
Uskayaw
Vehumet
Xom
Yredelemnul
Zin
The Shining One
Jiyva
Lugonu

Shops:
D %


Innate Abilities, Weirdness & Mutations

You have a pair of antennae on your head.
Your flesh is cold resistant. (rC+)


Message History

The quasit closely misses you.
You hit the kobold demonologist but do no damage.
The kobold demonologist is lightly wounded.
The quasit barely misses you. The quasit completely misses you.
The quasit claws you but does no damage.
The floating eye gazes piercingly through you!
You suddenly lose the ability to move!
The kobold demonologist hits you with a dagger.
The sun demon hits you.
You are engulfed in flames!!
The kobold demonologist mumbles some strange words.
The white imp disappears in a puff of smoke!
The iron imp disappears in a puff of smoke!
The quasit bites you.
The quasit claws you but does no damage.
The quasit claws you.
You feel clumsy. The sun demon hits you!!
* * * LOW HITPOINT WARNING * * *
You are engulfed in flames!
You die...

#####################
.)..#..'..#__#.5@KG5#
.#..'..#..'[.'.3#K5§#
###'#####'#__####55§+
##..#...#.#### ####
_####..##.# {
____##'#..+ {
.∩...'..._# {
..__##_.#+# ____###+#


You could see a sun demon, 2 kobold demonologists, a floating eye, an iron imp,
2 quasits and 2 crimson imps.

Vanquished Creatures
  A slime creature (D)
  A yak (D)
  An ogre (D)
  A jelly (D)
  Ijyb (D)
5 creatures vanquished.

Vanquished Creatures (others)
  Sigmund (D)
1 creature vanquished.

Grand Total: 6 creatures vanquished

Notes
Turn   | Place    | Note
-------+----------+-------------------------------------------
     0 | D        | Mesmaeker13 the Demonspawn Gladiator began the quest for the Orb.
     0 | D        | Reached XP level 1. HP: 16/16 MP: 1/1
     1 | D        | Noticed Ijyb
    19 | D        | Killed Ijyb
    19 | D        | Reached skill level 3 in Fighting
    19 | D        | Gained mutation: You have a pair of small antennae on your head. [demonic ancestry]
    19 | D        | Reached XP level 2. HP: 18/25 MP: 2/2
    97 | D        | Noticed an ogre
   105 | D        | Killed an ogre
   105 | D        | Reached skill level 5 in Fighting
   105 | D        | Reached skill level 5 in Maces & Flails
   105 | D        | Reached skill level 5 in Dodging
   105 | D        | Reached XP level 3. HP: 15/33 MP: 3/3
   105 | D        | Reached XP level 4. HP: 18/39 MP: 4/4
   274 | D        | Noticed Sigmund
   340 | D        | Killed Sigmund
   340 | D        | Reached skill level 6 in Fighting
   340 | D        | Gained mutation: You have a pair of antennae on your head. [demonic ancestry]
   340 | D        | Reached XP level 5. HP: 40/47 MP: 5/5
   401 | D        | Found a deep blue altar of Sif Muna.
   403 | D        | Found a radiant altar of Vehumet.
   409 | D        | Reached skill level 7 in Fighting
   504 | D        | Found Opoibli's Food Emporium.
   504 | D        | Found an ancient bone altar of Kikubaaqudgha.
   504 | D        | Found a hazy altar of Hepliaklqana.
   504 | D        | Found a stormy altar of Qazlal.
   504 | D        | Found a hide-covered altar of Uskayaw.
   504 | D        | Found a blossoming altar of Fedhas.
   504 | D        | Found a bloodstained altar of Trog.
   504 | D        | Found an iron altar of Okawaru.
   504 | D        | Found a basalt altar of Yredelemnul.
   504 | D        | Found a glowing golden altar of the Shining One.
   504 | D        | Found a snail-covered altar of Cheibriados.
   504 | D        | Found a sacrificial altar of Ru.
   504 | D        | Found a glowing silver altar of Zin.
   504 | D        | Found a shadowy altar of Dithmenos.
   504 | D        | Found a white marble altar of Elyvilon.
   504 | D        | Noticed a yak
   511 | D        | Killed a yak
   511 | D        | Reached skill level 8 in Fighting
   511 | D        | Gained mutation: Your flesh is cold resistant. (rC+) [demonic ancestry]
   511 | D        | Reached XP level 6. HP: 43/56 MP: 6/6
   512 | D        | Found an opulent altar of Gozag.
   513 | D        | Found a sparkling altar of Nemelex Xobeh.
   591 | D        | Found a viscous altar of Jiyva.
   591 | D        | Found a corrupted altar of Lugonu.
   591 | D        | Noticed a slime creature
   592 | D        | Found a burning altar of Makhleb.
   592 | D        | Found a shimmering altar of Xom.
   599 | D        | Killed a slime creature
   599 | D        | Reached skill level 9 in Fighting
   599 | D        | Reached XP level 7. HP: 57/64 MP: 7/7
   603 | D        | Became a worshipper of Makhleb the Destroyer
   618 | D        | Noticed a kobold demonologist
   619 | D        | Noticed a kobold demonologist
   622 | D        | Paralysed by a floating eye for 4 turns
   629 | D        | Noticed a sun demon
   629 | D        | Paralysed by a floating eye for 4 turns
   630 | D        | Mangled by a sun demon

Skill      XL: |  1  2  3  4  5  6 |
---------------+-------------------+-----
Fighting       | 3 5 6 8 9 |  9.0
Maces & Flails | 4 5 6 7 8 |  8.6
Dodging        | 4 5 6 7 8 |  8.6
Throwing       | |  1.7

Action                   |  1- 3 |  4- 6 |  7- 9 || total
-------------------------+-------+-------+-------++-------
Melee: Flail             |    22 |    26 |     7 ||    55
Throw: Throwing net      |     2 |     2 |       ||     4
 Stab: Held in net/web   |       |     1 |       ||     1
Armor: Leather armour    |     6 |     1 |     5 ||    12
Dodge: Dodged            |    11 |     9 |     9 ||    29
